 Dungeon Crawl Stone Soup version 0.22.1-1-ga44c0e56f4 (webtiles) character file.

1348 Masnef the Summoner (level 8, -1/44 HPs)
             Began as a Tengu Summoner on Oct 25, 2018.
             Was a Follower of Sif Muna.
             Slain by a hippogriff (7 damage)
             ... on level 7 of the Dungeon.
             The game lasted 00:23:39 (8558 turns).

Masnef the Summoner (Tengu Summoner)                Turns: 8558, Time: 00:23:40

Health: -1/44      AC:  3    Str:  8    XL:     8   Next: 63%
Magic:  22/24      EV: 13    Int: 18    God:    Sif Muna [*.....]
Gold:   228        SH:  4    Dex: 15    Spells: 4/16 levels left

rFire    . . .     SeeInvis .   g - +4 whip (elec)
rCold    . . .     Gourm    .   v - +0 buckler
rNeg     + . .     Faith    .   a - +1 robe
rPois    .         Spirit   .   (helmet restricted)
rElec    .         Reflect  .   (no cloak)
rCorr    .         Harm     .   (no gloves)
MR       .....                  (boots unavailable)
Stlth    ++........             x - amulet of magic regeneration
HPRegen  0.14/turn              l - ring of magical power
MPRegen  0.44/turn              w - ring of positive energy

@: no status effects
A: beak, talons 3, able to fly 1
a: Fly, Divine Energy, Renounce Religion


You were on level 7 of the Dungeon.
You worshipped Sif Muna.
Sif Muna was aware of your devotion.
You were not hungry.

You visited 2 branches of the dungeon, and saw 8 of its levels.
You also visited: Sewer.

You collected 332 gold pieces.
You spent 104 gold pieces at shops.

Inventory:

Hand Weapons
 e - a +0 club
 g - a +4 whip of electrocution (weapon)
Armour
 a - a +1 robe (worn)
 v - a +0 buckler (worn)
Jewellery
 l - a ring of magical power (left hand)
 o - an uncursed ring of resist corrosion
 w - a ring of positive energy (right hand)
 x - an amulet of magic regeneration (around neck)
 A - an uncursed amulet of the acrobat
Wands
 i - a wand of random effects (38)
Scrolls
 b - 2 scrolls of amnesia
 m - 3 scrolls of identify
 n - a scroll of enchant weapon
 p - a scroll of enchant armour
 s - 2 scrolls of teleportation
 t - 2 scrolls of remove curse
 y - 2 scrolls of fog
 C - 2 scrolls of vulnerability {unknown}
Potions
 d - 2 potions of resistance
 f - 7 potions of curing
 h - a potion of heal wounds {unknown}
 k - a potion of ambrosia
 q - 3 potions of brilliance
 r - 3 potions of mutation
 u - 4 potions of lignification
 z - a potion of degeneration {unknown}
 B - a potion of haste
 D - a potion of berserk rage {unknown}
 E - a potion of might {unknown}
Comestibles
 c - 8 rations
 j - 2 chunks of flesh


   Skills:
 + Level 2.3 Fighting
 * Level 4.6 Maces & Flails
 + Level 3.2 Dodging
 - Level 2.0 Stealth
 + Level 1.1 Shields
 + Level 4.5 Spellcasting
 * Level 9.2 Summonings
 * Level 2.3 Ice Magic


You had 4 spell levels left.
You knew the following spells:

 Your Spells              Type           Power        Failure   Level  Hunger
a - Summon Guardian Gole  Hex/Summ       ###.....     10%         3    ###....
b - Call Imp              Summ           #####...     1%          2    #......
c - Call Canine Familiar  Summ           #####...     1%          3    ###....
d - Summon Ice Beast      Ice/Summ       ###.....     19%         4    ####...

Your spell library contained the following spells:

 Spells                   Type           Power        Failure   Level  Hunger
 Summon Small Mammal      Summ           ####         1%          1    None
 Summon Lightning Spire   Summ/Air       ###.....     30%         4    ####...


Dungeon Overview and Level Annotations

Branches:
Dungeon (7/15)             Temple (1/1) D:5

Altars:
Ashenzari
Cheibriados
Dithmenos
Elyvilon
Fedhas
Gozag
Kikubaaqudgha
Makhleb
Nemelex Xobeh
Okawaru
Qazlal
Ru
Sif Muna
Trog
Uskayaw
Vehumet
Wu Jian
Xom
Yredelemnul
Zin
The Shining One

Shops:
D:5 *


Innate Abilities, Weirdness & Mutations

You have a beak for a mouth.
You have claws for feet.
You can fly.


Message History

Things that are here:
a long sword; a robe
Things that are here:
a dagger of freezing; a robe You hit the hippogriff.
The hippogriff is almost dead.
You block the hippogriff's attack. The hippogriff closely misses you. x2
You closely miss the hippogriff. You claw the hippogriff.
You peck the hippogriff.
The hippogriff is almost dead.
The hippogriff bites you. You block the hippogriff's attack.
The hippogriff claws you.
Casting: Call Imp (safe; 1% risk of failure)
Confirm with . or Enter, or press ? or * to list all spells.
The hippogriff closely misses you. The hippogriff pecks you.
* * * LOW HITPOINT WARNING * * *
The hippogriff claws you.
* * * LOW HITPOINT WARNING * * *
The hippogriff bites you!
You die...

###.#.##.#.
.........
#...#..#
#...#..#
#...#..#
#[.....#
#...#<.#
#.###.#.#..#..
#..$h.@..>....
#.###H#.#..#...
#z#.#..#.##.#
#)#.#..# # #
#5#.#..#
#)#.#..# #.#.#
#.#.. ...


You could see a hippogriff, a wight, a friendly wolf and a friendly crimson imp.

Vanquished Creatures
  Duvessa (D:6)
  A sky beast (D:6)
  A phantom (D:4)
  An ogre (D:6)
  A wolf (D:6)
  A centaur (D:5)
  A bullfrog (D:6)
  Dowan (D:6)
  2 wights (D:7)
  3 crimson imps
  A hound (D:5)
  An orc priest (D:6)
  2 worker ants (D:6)
  Robin (D:2)
  A howler monkey skeleton (D:4)
  4 adders
  2 gnolls (D:5)
  An ooze (D:1)
  An adder zombie (D:5)
  An adder skeleton (D:6)
  3 worms
  A leopard gecko (D:6)
  9 orcs
  5 giant cockroaches
  11 goblins
  5 hobgoblins
  6 jackals (D:5)
  11 kobolds
  3 quokkas
  10 bats
  3 frilled lizards (D:2)
  A jackal skeleton (D:4)
  6 rats
102 creatures vanquished.

Vanquished Creatures (collateral kills)
  Purgy (Sewer)
  An ogre (D:6)
  A centaur (D:6)
  A scorpion (D:5)
  A wight (D:7)
  2 orc priests
  A hound (D:6)
  Terence (D:2)
  3 worker ants
  5 gnolls (D:5)
  4 adders
  A worm (D:3)
  A dart slug (D:4)
  A leopard gecko (D:6)
  6 orcs
  5 goblins
  8 hobgoblins
  A jackal (D:5)
  A kobold (D:1)
  A quokka (D:4)
  A frilled lizard (D:1)
  A rat (D:2)
48 creatures vanquished.

Grand Total: 150 creatures vanquished

Notes
Turn   | Place    | Note
-------+----------+-------------------------------------------
     0 | D:1      | Masnef the Tengu Summoner began the quest for the Orb.
     0 | D:1      | Reached XP level 1. HP: 10/10 MP: 4/4
   465 | D:1      | Reached skill level 5 in Summonings
   658 | D:1      | Reached XP level 2. HP: 14/15 MP: 6/6
   662 | D:1      | Learned a level 2 spell: Call Imp
  1052 | D:1      | Reached XP level 3. HP: 8/19 MP: 4/7
  1544 | D:2      | Noticed Robin
  1561 | D:2      | Killed Robin
  1561 | D:2      | Reached skill level 6 in Summonings
  2012 | D:1      | Reached skill level 1 in Maces & Flails
  2129 | D:2      | Reached XP level 4. HP: 24/24 MP: 4/8
  2172 | D:2      | Found a burning altar of Makhleb.
  2430 | D:2      | Found a stormy altar of Qazlal.
  2431 | D:2      | Noticed Terence
  2441 | D:2      | Killed Terence
  2446 | D:2      | Learned a level 3 spell: Call Canine Familiar
  2673 | D:2      | Found a sacrificial altar of Ru.
  3075 | D:3      | Found an ancient bone altar of Kikubaaqudgha.
  3196 | D:3      | Gained mutation: You can fly. [Tengu growth]
  3196 | D:3      | Reached XP level 5. HP: 14/28 MP: 9/9
  3364 | D:3      | Learned a level 3 spell: Summon Guardian Golem
  4705 | D:4      | Reached skill level 7 in Summonings
  4967 | D:4      | Noticed a phantom
  4981 | D:4      | Killed a phantom
  4981 | D:4      | Reached XP level 6. HP: 22/33 MP: 11/11
  5126 | D:4      | Found a shadowy altar of Dithmenos.
  5761 | D:5      | Entered Level 5 of the Dungeon
  6039 | D:5      | Reached skill level 1 in Fighting
  6210 | D:5      | Reached XP level 7. HP: 21/38 MP: 13/13
  6211 | D:5      | Found a glowing golden altar of the Shining One.
  6219 | D:5      | Learned a level 4 spell: Summon Ice Beast
  6378 | D:5      | Found a staircase to the Ecumenical Temple.
  6389 | Temple   | Entered the Ecumenical Temple
  6396 | Temple   | Became a worshipper of Sif Muna the Loreminder
  6806 | D:5      | Found Puepaent's General Store.
  6814 | D:5      | Bought a scroll of remove curse for 39 gold pieces
  6814 | D:5      | Bought a scroll of teleportation for 39 gold pieces
  6814 | D:5      | Bought a scroll of identify for 26 gold pieces
  7093 | D:6      | Reached skill level 8 in Summonings
  7100 | D:6      | Found an iron altar of Okawaru.
  7657 | D:6      | Found a glowing drain.
  7666 | Sewer    | Entered a sewer
  7697 | Sewer    | Noticed Purgy
  7729 | Sewer    | Killed Purgy
  7729 | Sewer    | Reached skill level 1 in Shields
  7729 | Sewer    | Reached skill level 1 in Ice Magic
  7971 | D:6      | Reached XP level 8. HP: 35/44 MP: 14/14
  8253 | D:6      | Noticed Duvessa
  8279 | D:6      | Noticed Dowan
  8327 | D:6      | Killed Duvessa
  8338 | D:6      | Killed Dowan
  8338 | D:6      | Reached * piety under Sif Muna
  8338 | D:6      | Reached skill level 9 in Summonings
  8526 | D:7      | Noticed a hippogriff
  8558 | D:7      | Slain by a hippogriff

Skill      XL: |  1  2  3  4  5  6  7  8 |
---------------+-------------------------+-----
Summonings     | 5 6 7 8 9 |  9.2
Maces & Flails | 1 2 3 4 |  4.6
Spellcasting   | 3 4 |  4.5
Fighting       | 1 2 |  2.3
Dodging        | 3 |  3.2
Shields        | 1 |  1.1
Ice Magic      | 1 2 |  2.3
Stealth        | |  2.0

Action                   |  1- 3 |  4- 6 |  7- 9 || total
-------------------------+-------+-------+-------++-------
Melee: Club              |    14 |       |       ||    14
       Unarmed           |    13 |       |       ||    13
       Peck              |     8 |    16 |    12 ||    36
       Kick              |    10 |    16 |    16 ||    42
       Whip              |    38 |   116 |   109 ||   263
 Cast: Summon Small Mamm |     2 |       |       ||     2
       Call Imp          |    14 |    33 |    19 ||    66
       Call Canine Famil |       |    10 |    14 ||    24
       Summon Guardian G |       |     1 |       ||     1
  Use: Potion            |     1 |       |       ||     1
       Scroll            |       |     2 |    13 ||    15
 Stab: Sleeping          |     1 |     3 |     2 ||     6
       Distracted        |       |     1 |     1 ||     2
  Eat: Chunk             |     4 |     6 |     9 ||    19
       Ration            |       |     3 |       ||     3
Armor: Robe              |     9 |    11 |    21 ||    41
Dodge: Dodged            |    66 |    72 |    73 ||   211
Block: Buckler           |       |     8 |    18 ||    26
